[Event "VIII Iberoamericano Mexico 2022"]
[Site "Mexico City"]
[Date "2022.02.16"]
[Round "5.46"]
[White "Martinez Morales, Geovanni"]
[Black "Zacarias Martinez, Daniel"]
[Result "1-0"]
[ECO "C68"]
[WhiteElo "2098"]
[BlackElo "1673"]
[Annotator "ChessBase"]
[PlyCount "82"]
[EventDate "2022.02.12"]
[EventType "swiss"]
[EventCountry "MEX"]
[SourceTitle "playchess.com"]
[Source "ChessBase"]
[SourceQuality "1"]
[TimeControl "5400+30"]

1. e4 e5 2. Nf3 Nc6 3. Bb5 a6 4. Bxc6 dxc6 5. O-O Bg4 6. h3 h5 7. d3 Qf6 8. Be3 Bxf3 9. Qxf3 Qxf3 10. gxf3 Bd6 11. Nc3 Ne7 12. Ne2 Ng6 13. Kh2 O-O-O 14. Rg1 Rdg8 15. a3 Kd7 16. b4 b6 17. c4 c5 18. bxc5 bxc5 19. Rab1 Rb8 20. Nc3 Rxb1 21. Rxb1 Nf8 22. Rb8 Ng6 23. Rb7 Kc6 24. Rb3 f5 25. exf5 Nh4 26. Ne4 Nxf3+ 27. Kg3 Nd4 28. Bxd4 exd4+ 29. Nxd6 cxd6 30. Kf4 d5 31. cxd5+ Kxd5 32. Rb7 c4 33. dxc4+ Kxc4 34. Rxg7 Rd8 35. f6 d3 36. Kf5 d2 37. Rg1 Kd3 38. f7 Kc2 39. Kf6 d1=Q 40. Rxd1 Kxd1 41. Ke7 Ra8 1-0

[Event "VIII Iberoamericano Mexico 2022"]
[Site "Mexico City"]
[Date "2022.02.16"]
[Round "5.47"]
[White "Santiago Gonzalez, Frida"]
[Black "Ortiz Verdezoto, Anahi"]
[Result "0-1"]
[ECO "C44"]
[WhiteElo "1758"]
[BlackElo "2047"]
[Annotator "ChessBase"]
[PlyCount "82"]
[EventDate "2022.02.12"]
[EventType "swiss"]
[EventCountry "MEX"]
[SourceTitle "playchess.com"]
[Source "ChessBase"]
[SourceQuality "1"]
[TimeControl "5400+30"]

1. e4 e5 2. Nf3 Nc6 3. d3 Nf6 4. g3 d5 5. exd5 Nxd5 6. Bg2 Be7 7. O-O O-O 8. Re1 f6 9. Nbd2 Bg4 10. h3 Bh5 11. g4 Bf7 12. Nf1 Nf4 13. Ng3 Nxg2 14. Kxg2 Qd7 15. Nf5 Be6 16. N3h4 Rad8 17. Be3 g6 18. Nxe7+ Nxe7 19. Kg1 f5 20. Bh6 fxg4 21. Rxe5 g3 22. Bxf8 gxf2+ 23. Kg2 Rxf8 24. Rxe6 f1=Q+ 25. Qxf1 Rxf1 26. Rxe7 Qxe7 27. Rxf1 Qxh4 28. b3 h5 29. a4 g5 30. a5 g4 31. hxg4 hxg4 32. Rh1 Qg5 33. Kg3 Qxa5 34. Rh4 Qe1+ 35. Kxg4 Qe2+ 36. Kf5 Qxc2 37. Rc4 Qxd3+ 38. Kf6 Qxb3 39. Rg4+ Kf8 40. Rh4 Qf7+ 41. Kg5 Qe7+ 0-1

[Event "VIII Iberoamericano Mexico 2022"]
[Site "Mexico City"]
[Date "2022.02.16"]
[Round "5.48"]
[White "Munoz Ricardo, Wasdin Antonio"]
[Black "Zarate Manjarrez, Alfredo"]
[Result "0-1"]
[ECO "B70"]
[WhiteElo "1745"]
[BlackElo "2026"]
[Annotator "NA"]
[PlyCount "50"]
[EventDate "2022.02.12"]
[EventType "swiss"]
[EventCountry "MEX"]
[SourceTitle "playchess.com"]
[Source "ChessBase"]
[SourceQuality "1"]
[TimeControl "5400+30"]

1. e4 c5 2. Nf3 d6 3. d4 cxd4 4. Nxd4 Nf6 5. Nc3 g6 6. Bc4 Bg7 7. Bb3 Nc6 8. Nxc6 bxc6 9. e5 dxe5 10. Qf3 Qc7 11. Bg5 O-O 12. Bxf6 exf6 13. O-O-O f5 14. Nb5 Qb6 15. Nd6 Be6 16. Bxe6 fxe6 17. Nc4 Qa6 18. b3 e4 19. Qf4 Qxa2 20. Rd7 Qa1+ 21. Kd2 Bc3+ 22. Ke2 Qxh1 23. Rd1 Qxg2 24. Qd6 Qg4+ 25. Kf1 f4 0-1

[Event "VIII Iberoamericano Mexico 2022"]
[Site "Mexico City"]
[Date "2022.02.16"]
[Round "5.49"]
[White "Nava Ruiz, Miguel Angel"]
[Black "Ocampo, Cristina"]
[Result "1-0"]
[ECO "E11"]
[WhiteElo "1696"]
[BlackElo "2024"]
[Annotator "ChessBase"]
[PlyCount "114"]
[EventDate "2022.02.12"]
[EventType "swiss"]
[EventCountry "MEX"]
[SourceTitle "playchess.com"]
[Source "ChessBase"]
[SourceQuality "1"]
[TimeControl "5400+30"]

1. d4 Nf6 2. Nf3 e6 3. c4 Bb4+ 4. Bd2 Qe7 5. e3 O-O 6. Bd3 Bxd2+ 7. Nbxd2 d6 8. O-O e5 9. e4 Nbd7 10. Re1 a5 11. Nf1 b6 12. Ne3 g6 13. Nd5 Qd8 14. a3 Bb7 15. b4 Re8 16. Rb1 c6 17. Nxf6+ Nxf6 18. d5 Qc7 19. Qd2 Nh5 20. Qb2 Nf4 21. Bf1 a4 22. g3 Nh5 23. Bg2 Rec8 24. c5 cxd5 25. cxd6 Qxd6 26. Nxe5 dxe4 27. Ng4 Qf8 28. Qd4 f5 29. Qxb6 Qg7 30. Ne3 Nf6 31. Rbc1 Nd5 32. Nxd5 Bxd5 33. Qb5 Bb3 34. Bf1 Rc3 35. Rxc3 Qxc3 36. Re3 Qd4 37. Qb7 Rd8 38. b5 Qc5 39. Qc6 Qxc6 40. bxc6 Rc8 41. Rc3 Rc7 42. Bb5 Kg7 43. f3 exf3 44. Kf2 Kf6 45. Kxf3 Ke5 46. Ke3 Kd6 47. Rd3+ Kc5 48. Rd7 Kb6 49. Kd4 Rc8 50. Rb7+ Ka5 51. Kc5 Ra8 52. Bd3 Be6 53. Rxh7 g5 54. Re7 Bb3 55. Bxf5 Bd1 56. c7 g4 57. c8=Q Bc2 1-0

[Event "VIII Iberoamericano Mexico 2022"]
[Site "Mexico City"]
[Date "2022.02.16"]
[Round "5.50"]
[White "Lopez De Nava Hernandez, Carlos"]
[Black "Zaragoza Alanis, Miguel Arnulfo"]
[Result "0-1"]
[ECO "C54"]
[WhiteElo "2023"]
[BlackElo "1342"]
[Annotator "NA"]
[PlyCount "102"]
[EventDate "2022.02.12"]
[EventType "swiss"]
[EventCountry "MEX"]
[SourceTitle "playchess.com"]
[Source "ChessBase"]
[SourceQuality "1"]
[TimeControl "5400+30"]

1. e4 e5 2. Nf3 Nc6 3. Bc4 Bc5 4. c3 Nf6 5. d3 d6 6. O-O O-O 7. Re1 a6 8. Bb3 h6 9. a4 Ba7 10. Nbd2 Nh5 11. Nf1 Qf6 12. Be3 Bg4 13. N1d2 Nf4 14. Bxa7 Rxa7 15. Re3 Raa8 16. Nf1 g5 17. Qd2 Ne7 18. h3 Nxh3+ 19. gxh3 Bxf3 20. Ng3 g4 21. Bd1 Bxd1 22. Qxd1 Qg5 23. hxg4 Ng6 24. Nf5 Nf4 25. Rg3 Kh7 26. Kh2 b5 27. a5 Rad8 28. c4 bxc4 29. dxc4 c6 30. Qf3 d5 31. cxd5 cxd5 32. Rh1 Rc8 33. exd5 Rc2 34. Qe4 Re2 35. Re3 Qxg4 36. Rxe2 Qh3+ 37. Kg1 Nxe2+ 38. Qxe2 Qxf5 39. Qd2 Rg8+ 40. Kf1 Qb1+ 41. Qe1 Qxe1+ 42. Kxe1 Rd8 43. Ke2 Rxd5 44. b4 Rb5 45. Rh4 f5 46. Rc4 Kg6 47. Rc5 Rxc5 48. bxc5 Kf6 49. Ke3 Ke6 50. f4 e4 51. Kd4 h5 0-1

[Event "VIII Iberoamericano Mexico 2022"]
[Site "Mexico City"]
[Date "2022.02.17"]
[Round "6.5"]
[White "Diaz Perez, Michel Alejandro"]
[Black "Fier, Alexandr"]
[Result "1/2-1/2"]
[ECO "B14"]
[WhiteElo "2459"]
[BlackElo "2583"]
[Annotator "RC"]
[PlyCount "50"]
[EventDate "2022.02.12"]
[EventType "swiss"]
[EventCountry "MEX"]
[SourceTitle "playchess.com"]
[Source "ChessBase"]
[SourceQuality "1"]
[TimeControl "5400+30"]

1. d4 Nf6 2. c4 c5 3. e3 cxd4 4. exd4 d5 5. Nc3 g6 6. Qb3 Bg7 7. cxd5 O-O 8. Be2 Na6 9. Bf3 Qb6 10. Nge2 Bf5 11. O-O Rad8 12. Bf4 Rd7 13. Be5 Bd3 14. Rfc1 Bxe2 15. Bxe2 Nxd5 16. Nxd5 Qxb3 17. Nxe7+ Rxe7 18. axb3 Bxe5 19. dxe5 Rxe5 20. Bxa6 bxa6 21. Rxa6 Rb8 22. Rxa7 Rxb3 23. Ra2 Re2 24. Kf1 Rexb2 25. Rxb2 Rxb2 1/2-1/2

[Event "VIII Iberoamericano Mexico 2022"]
[Site "Mexico City"]
[Date "2022.02.17"]
[Round "6.12"]
[White "Rodriguez Vila, Andres"]
[Black "Perez Rodriguez, Luis Manuel"]
[Result "1-0"]
[ECO "C58"]
[WhiteElo "2461"]
[BlackElo "2324"]
[Annotator "ChessBase"]
[PlyCount "115"]
[EventDate "2022.02.12"]
[EventType "swiss"]
[EventCountry "MEX"]
[SourceTitle "playchess.com"]
[Source "ChessBase"]
[SourceQuality "1"]
[TimeControl "5400+30"]

1. e4 e5 2. Nf3 Nc6 3. Bc4 Nf6 4. Ng5 d5 5. exd5 Na5 6. Bb5+ c6 7. dxc6 bxc6 8. Bd3 Nd5 9. Nf3 Bd6 10. O-O O-O 11. Re1 Bg4 12. h3 Bh5 13. g4 Bg6 14. Bxg6 fxg6 15. d4 exd4 16. Nbd2 Nf4 17. Ne4 Nxh3+ 18. Kg2 Nf4+ 19. Bxf4 Rxf4 20. Nfg5 Qd7 21. f3 c5 22. Nxd6 Qxd6 23. Qe2 Qd5 24. Qe6+ Qxe6 25. Nxe6 Rf7 26. b3 Rc8 27. Re5 Nb7 28. Ng5 Rf6 29. Rae1 Nd6 30. Rd5 h6 31. Re6 Ne8 32. Rde5 Nc7 33. Rxc5 hxg5 34. Re7 Rf7 35. Rxf7 Kxf7 36. Kg3 Ke7 37. Rc4 a5 38. a4 Ke6 39. Kf2 Kd6 40. Rxd4+ Kc6 41. Rc4+ Kb6 42. c3 Rd8 43. b4 Ne6 44. Ke3 Rf8 45. Re4 Nc7 46. Rd4 Rf6 47. Rd7 Rc6 48. Kd2 Ne6 49. b5 Rc4 50. Rd6+ Kc7 51. Rxe6 Rxa4 52. Rxg6 Rf4 53. Ke3 a4 54. Rxg7+ Kb6 55. Rg6+ Kb7 56. Rxg5 a3 57. Rg7+ Kb6 58. Kxf4 1-0

[Event "VIII Iberoamericano Mexico 2022"]
[Site "Mexico City"]
[Date "2022.02.17"]
[Round "6.13"]
[White "Chinchilla Miranda, Eugenio"]
[Black "Cardoso Cardoso, Jose Gabriel"]
[Result "0-1"]
[ECO "E32"]
[WhiteElo "2193"]
[BlackElo "2461"]
[Annotator "ChessBase"]
[PlyCount "62"]
[EventDate "2022.02.12"]
[EventType "swiss"]
[EventCountry "MEX"]
[SourceTitle "playchess.com"]
[Source "ChessBase"]
[SourceQuality "1"]
[TimeControl "5400+30"]

1. d4 Nf6 2. c4 e6 3. Nc3 Bb4 4. Qc2 O-O 5. e4 d5 6. e5 Ne4 7. Bd3 c5 8. Nf3 cxd4 9. Nxd4 Nd7 10. Bf4 Ndc5 11. O-O Bxc3 12. bxc3 Bd7 13. cxd5 exd5 14. Be2 Rc8 15. f3 Ng5 16. Qd2 h6 17. Rac1 Re8 18. Bb5 Nge6 19. Bxd7 Nxd7 20. Bg3 Nb6 21. f4 Nc4 22. Qe2 Qb6 23. Rfd1 Nb2 24. Rb1 Nxd1 25. Rxb6 Nxc3 26. Qg4 axb6 27. Nf5 Ne4 28. h4 h5 29. Qxh5 Nd4 30. Kh2 Rc1 31. Kh3 g6 0-1

[Event "VIII Iberoamericano Mexico 2022"]
[Site "Mexico City"]
[Date "2022.02.17"]
[Round "6.14"]
[White "Zacarias, M Ruben D"]
[Black "Ibarra Chami, Luis Fernando"]
[Result "1/2-1/2"]
[ECO "B51"]
[WhiteElo "2174"]
[BlackElo "2451"]
[Annotator "ChessBase"]
[PlyCount "68"]
[EventDate "2022.02.12"]
[EventType "swiss"]
[EventCountry "MEX"]
[SourceTitle "playchess.com"]
[Source "ChessBase"]
[SourceQuality "1"]
[TimeControl "5400+30"]

1. e4 c5 2. Nf3 d6 3. Bb5+ Nc6 4. O-O Bd7 5. Re1 Nf6 6. c3 a6 7. Bf1 Bg4 8. d4 cxd4 9. cxd4 d5 10. Nc3 e6 11. Bg5 Be7 12. Bxf6 Bxf6 13. exd5 Nxd4 14. dxe6 Nxf3+ 15. gxf3 Bxe6 16. Bh3 Bxc3 17. bxc3 Qg5+ 18. Kh1 O-O 19. Bxe6 fxe6 20. Rxe6 Kh8 21. Qe2 Qh5 22. Re3 Rf4 23. Rg1 Raf8 24. Rg4 R4f7 25. Re5 Qh3 26. Rg3 Qc8 27. Re7 Qc6 28. Qe5 Rxe7 29. Qxe7 Rg8 30. Qe5 Qc4 31. a3 Qf1+ 32. Rg1 Qxf2 33. Rxg7 Rxg7 34. Qd4 Kg8 1/2-1/2

[Event "VIII Iberoamericano Mexico 2022"]
[Site "Mexico City"]
[Date "2022.02.17"]
[Round "6.15"]
[White "Jimenez Garcia, Emmanuel"]
[Black "Capo Vidal, Uriel"]
[Result "1-0"]
[ECO "A08"]
[WhiteElo "2403"]
[BlackElo "2306"]
[Annotator "NA"]
[PlyCount "81"]
[EventDate "2022.02.12"]
[EventType "swiss"]
[EventCountry "MEX"]
[SourceTitle "playchess.com"]
[Source "ChessBase"]
[SourceQuality "1"]
[TimeControl "5400+30"]

1. Nf3 Nf6 2. g3 d5 3. Bg2 c5 4. O-O Nc6 5. d3 e5 6. Nbd2 Be7 7. e4 d4 8. Nc4 Qc7 9. a4 Nd7 10. c3 Nb6 11. Na3 Bg4 12. h3 Bh5 13. a5 Nd7 14. a6 bxa6 15. Nc4 O-O 16. Qa4 Rad8 17. g4 Bg6 18. Qxa6 dxc3 19. bxc3 Ndb8 20. Qa4 Rxd3 21. Ne3 Rfd8 22. Nd5 Qd6 23. Ne1 Bxe4 24. Nxe7+ Nxe7 25. Qxe4 Rxc3 26. Bb2 Rb3 27. Bxe5 Qd7 28. Bxb8 Rdxb8 29. Nf3 R3b4 30. Qe3 Qc7 31. Rfc1 Rc8 32. Ne5 h5 33. Rd1 Re8 34. Rd7 Qb8 35. Nd3 Ng6 36. Qxc5 Rb1+ 37. Rxb1 Qxb1+ 38. Bf1 hxg4 39. Qc4 Rf8 40. hxg4 Nh4 41. Ne5 1-0

[Event "VIII Iberoamericano Mexico 2022"]
[Site "Mexico City"]
[Date "2022.02.17"]
[Round "6.16"]
[White "Encinas Varela, David"]
[Black "Galaviz Medina, Sion Radamantys"]
[Result "0-1"]
[ECO "B84"]
[WhiteElo "1862"]
[BlackElo "2374"]
[Annotator "NA"]
[PlyCount "66"]
[EventDate "2022.02.12"]
[EventType "swiss"]
[EventCountry "MEX"]
[SourceTitle "playchess.com"]
[Source "ChessBase"]
[SourceQuality "1"]
[TimeControl "5400+30"]

1. e4 c5 2. Nf3 d6 3. d4 cxd4 4. Nxd4 Nf6 5. Nc3 a6 6. Be2 e6 7. g4 h6 8. f4 Be7 9. Be3 Nc6 10. O-O d5 11. e5 Nd7 12. Nxc6 bxc6 13. Bf2 O-O 14. Bg3 f6 15. Bd3 fxe5 16. fxe5 Rxf1+ 17. Kxf1 Rb8 18. g5 Bxg5 19. Qh5 Nc5 20. Bg6 Bd7 21. h4 Be7 22. Bf7+ Kh8 23. Kg1 Be8 24. Rf1 Bxf7 25. Rxf7 Qe8 26. Qg6 Bf8 27. Kf1 Kg8 28. Rf6 Qxg6 29. Rxg6 Rxb2 30. Bf4 Rxc2 31. Ne2 Ne4 32. Rxe6 Kf7 33. Be3 Rxe2 0-1

[Event "VIII Iberoamericano Mexico 2022"]
[Site "Mexico City"]
[Date "2022.02.17"]
[Round "6.17"]
[White "Veiga, Jose Francisco R P N"]
[Black "Avila Rodriguez, Joshua Ad"]
[Result "0-1"]
[ECO "B51"]
[WhiteElo "2366"]
[BlackElo "2182"]
[Annotator "NA"]
[PlyCount "154"]
[EventDate "2022.02.12"]
[EventType "swiss"]
[EventCountry "MEX"]
[SourceTitle "playchess.com"]
[Source "ChessBase"]
[SourceQuality "1"]
[TimeControl "5400+30"]

1. e4 c5 2. Nf3 d6 3. Bb5+ Nd7 4. O-O a6 5. Bd3 Ngf6 6. Re1 e6 7. c3 b5 8. Bc2 c4 9. a4 Bb7 10. axb5 axb5 11. Rxa8 Qxa8 12. Na3 Bxe4 13. Bxe4 Nxe4 14. Nxb5 Qb7 15. Qa4 d5 16. b4 Be7 17. Bb2 O-O 18. Ra1 Rb8 19. Nbd4 Bf6 20. Bc1 Nb6 21. Qa6 h6 22. Kf1 Ng5 23. Nxg5 Bxd4 24. Qxb7 Rxb7 25. Nxe6 fxe6 26. cxd4 Nd7 27. Ra4 Nb8 28. Bb2 Nc6 29. Bc3 Ra7 30. Rxa7 Nxa7 31. d3 Nb5 32. dxc4 dxc4 33. Ba1 Nc7 34. Ke2 Kf7 35. Kd2 Nd5 36. b5 Ke7 37. Bb2 Kd7 38. Ba3 g6 39. Bc5 Kc7 40. g4 Kb7 41. Bf8 h5 42. gxh5 gxh5 43. Bc5 Kc7 44. Kc2 Kb7 45. Kb2 Kc7 46. Ka3 Kb7 47. Bb4 h4 48. Ba5 h3 49. Kb2 Nf6 50. f3 Nd5 51. Kc2 Ne3+ 52. Kd2 Nd5 53. Ke2 Ne7 54. Kd2 Nf5 55. Kc3 Ne3 56. Kd2 Nf5 57. Ke2 Nxd4+ 58. Kf2 Nxb5 59. Kg3 Kc6 60. Kxh3 Kd7 61. Kg4 c3 62. Kf4 c2 63. Bd2 Nd4 64. Ke4 Nb3 65. Bg5 c1=Q 66. Bxc1 Nxc1 67. f4 Kd6 68. f5 e5 69. f6 Nb3 70. Kf5 Nc5 71. h4 e4 72. h5 e3 73. h6 e2 74. h7 e1=Q 75. h8=Q Qe4+ 76. Kg5 Ne6+ 77. Kh5 Qh1+ 0-1

[Event "VIII Iberoamericano Mexico 2022"]
[Site "Mexico City"]
[Date "2022.02.17"]
[Round "6.18"]
[White "Ramirez Toledo, Ayleen Maribel"]
[Black "Perez Garcia, Rodney Oscar"]
[Result "0-1"]
[ECO "A37"]
[WhiteElo "1810"]
[BlackElo "2331"]
[Annotator "NA"]
[PlyCount "86"]
[EventDate "2022.02.12"]
[EventType "swiss"]
[EventCountry "MEX"]
[SourceTitle "playchess.com"]
[Source "ChessBase"]
[SourceQuality "1"]
[TimeControl "5400+30"]

1. Nf3 c5 2. g3 Nc6 3. c4 g6 4. Bg2 Bg7 5. O-O d6 6. Nc3 e5 7. d3 Nge7 8. e4 a6 9. Be3 Rb8 10. a4 O-O 11. Qd2 Nd4 12. Rae1 Bd7 13. Nh4 b5 14. axb5 axb5 15. f4 exf4 16. gxf4 Nec6 17. Nf3 bxc4 18. dxc4 Be6 19. Rf2 Bxc4 20. f5 Re8 21. Bg5 Bf6 22. Be3 Nxf3+ 23. Rxf3 Ne5 24. Rh3 Ng4 25. Kh1 Nxe3 26. Qxe3 Bg7 27. Qf2 Rb4 28. Nd1 Qf6 29. Nc3 Reb8 30. Nd1 Rb3 31. Rxb3 Bxb3 32. e5 dxe5 33. Qxc5 Qxf5 34. Qc7 Qc8 35. Qe7 Qd8 36. Qxd8+ Rxd8 37. Ne3 f5 38. Nf1 e4 39. Bh3 Rb8 40. Ne3 Bxb2 41. Kg2 Bd4 42. Kg3 Be6 43. Nc2 Be5+ 0-1

[Event "VIII Iberoamericano Mexico 2022"]
[Site "Mexico City"]
[Date "2022.02.17"]
[Round "6.19"]
[White "Noboa Silva, Kevin"]
[Black "Avila Bautista, Roberto Al"]
[Result "1-0"]
[ECO "B27"]
[WhiteElo "2331"]
[BlackElo "2090"]
[Annotator "NA"]
[PlyCount "125"]
[EventDate "2022.02.12"]
[EventType "swiss"]
[EventCountry "MEX"]
[SourceTitle "playchess.com"]
[Source "ChessBase"]
[SourceQuality "1"]
[TimeControl "5400+30"]

1. e4 c5 2. Nf3 g6 3. c3 d5 4. e5 Bg7 5. d4 cxd4 6. cxd4 Nh6 7. Bf4 f6 8. Bb5+ Bd7 9. Qb3 Bxb5 10. Qxb5+ Qd7 11. Nc3 Qxb5 12. Nxb5 Na6 13. O-O g5 14. exf6 exf6 15. Bd2 Kd7 16. Rac1 Nf7 17. Ne1 Nd6 18. Nxd6 Kxd6 19. Nc2 Rhf8 20. Rfe1 h6 21. Nb4 Rfe8 22. Nxa6 bxa6 23. Rc5 Rxe1+ 24. Bxe1 Rb8 25. Ra5 Rb6 26. a3 f5 27. Bb4+ Ke6 28. Bc5 Rxb2 29. Rxa6+ Kf7 30. Rxa7+ Kg6 31. g3 Rd2 32. Ra4 f4 33. g4 h5 34. Ra6+ Kh7 35. gxh5 Bxd4 36. Bxd4 Rxd4 37. Kg2 Rd3 38. a4 Ra3 39. f3 d4 40. Kh3 Rxf3+ 41. Kg4 Rf2 42. Kxg5 Rxh2 43. Kxf4 Rxh5 44. Ke4 Kg7 45. a5 Kf7 46. Ra8 d3 47. Kxd3 Rh4 48. Kc3 Ra4 49. Kb3 Ra1 50. a6 Rb1+ 51. Kc4 Rc1+ 52. Kd5 Rd1+ 53. Kc6 Rc1+ 54. Kb7 Rb1+ 55. Ka7 Ke7 56. Rb8 Ra1 57. Rb6 Kd7 58. Kb7 Rc1 59. a7 Rc7+ 60. Ka6 Rc8 61. Rb8 Rc1 62. a8=Q Ra1+ 63. Kb5 1-0

[Event "VIII Iberoamericano Mexico 2022"]
[Site "Mexico City"]
[Date "2022.02.17"]
[Round "6.20"]
[White "Leon Valdes, Jony Wilson"]
[Black "Luna Javier, Edgar Froylan"]
[Result "1-0"]
[ECO "A65"]
[WhiteElo "2392"]
[BlackElo "2148"]
[Annotator "NA"]
[PlyCount "55"]
[EventDate "2022.02.12"]
[EventType "swiss"]
[EventCountry "MEX"]
[SourceTitle "playchess.com"]
[Source "ChessBase"]
[SourceQuality "1"]
[TimeControl "5400+30"]

1. d4 Nf6 2. c4 g6 3. f3 Bg7 4. e4 O-O 5. Nc3 d6 6. Nge2 c5 7. d5 e6 8. Ng3 exd5 9. cxd5 a6 10. a4 Nbd7 11. Be2 Ne8 12. O-O Rb8 13. f4 Nc7 14. e5 dxe5 15. f5 b5 16. d6 Ne8 17. axb5 axb5 18. Bxb5 Ndf6 19. fxg6 hxg6 20. Bxe8 Nxe8 21. Nge4 Bf5 22. Bg5 f6 23. Qd5+ Kh8 24. Be3 Bxe4 25. Nxe4 f5 26. Rf3 f4 27. Rh3+ Bh6 28. Ra7 1-0

[Event "VIII Iberoamericano Mexico 2022"]
[Site "Mexico City"]
[Date "2022.02.17"]
[Round "6.21"]
[White "Perez Gormaz, Matias"]
[Black "Davalos Prieto, Abel Justo"]
[Result "1-0"]
[ECO "B53"]
[WhiteElo "2404"]
[BlackElo "2103"]
[Annotator "NA"]
[PlyCount "121"]
[EventDate "2022.02.12"]
[EventType "swiss"]
[EventCountry "MEX"]
[SourceTitle "playchess.com"]
[Source "ChessBase"]
[SourceQuality "1"]
[TimeControl "5400+30"]

1. e4 c5 2. Nf3 d6 3. d4 cxd4 4. Qxd4 Nc6 5. Bb5 Bd7 6. Bxc6 Bxc6 7. Nc3 Nf6 8. Bg5 e6 9. O-O-O Be7 10. Rhe1 O-O 11. Qd2 Qa5 12. Kb1 Rfd8 13. Nd4 Rac8 14. Nd5 Qxd2 15. Nxe7+ Kf8 16. Bxd2 Kxe7 17. f3 Kf8 18. Bb4 Kg8 19. c4 Ne8 20. b3 g6 21. Kb2 e5 22. Nc2 f6 23. Rd2 Kf7 24. Red1 Ke6 25. Ne3 b6 26. g4 Rd7 27. a4 a5 28. Ba3 Rcd8 29. h4 Nc7 30. Rh2 Na6 31. h5 Nc5 32. hxg6 hxg6 33. Rh6 Rg8 34. Ka2 Rdg7 35. Rd2 Ke7 36. Rd1 Ke6 37. Ng2 Ke7 38. Nh4 Bd7 39. Bc1 Be6 40. Be3 g5 41. Ng2 Rg6 42. Rh2 R6g7 43. Kb2 Rd8 44. Rh6 Kf7 45. Kc3 Ke7 46. Bc1 Rc8 47. Ne3 Rd8 48. Nf1 Kf7 49. Ng3 Rg6 50. Rh2 Rg7 51. Be3 Ke7 52. Rh6 Rf8 53. Nh5 Rgg8 54. Rh1 Rf7 55. Ng3 Bd7 56. Rh8 Rxh8 57. Rxh8 Rf8 58. Rh7+ Rf7 59. Rh6 Be6 60. Nh5 Rf8 61. Nxf6 1-0

[Event "VIII Iberoamericano Mexico 2022"]
[Site "Mexico City"]
[Date "2022.02.17"]
[Round "6.22"]
[White "Real Pereyra, Jeronimo"]
[Black "Diaz Rosas, Julio Cesar"]
[Result "1-0"]
[ECO "B51"]
[WhiteElo "2147"]
[BlackElo "2393"]
[Annotator "NA"]
[PlyCount "131"]
[EventDate "2022.02.12"]
[EventType "swiss"]
[EventCountry "MEX"]
[SourceTitle "playchess.com"]
[Source "ChessBase"]
[SourceQuality "1"]
[TimeControl "5400+30"]

1. e4 c5 2. Nf3 d6 3. Bb5+ Nd7 4. d4 cxd4 5. Qxd4 a6 6. Be2 Ngf6 7. O-O Qc7 8. c4 e6 9. Nc3 Be7 10. b3 O-O 11. Bb2 b6 12. Rfd1 Bb7 13. Rac1 Rfd8 14. Nd2 Bf8 15. Nf1 Rac8 16. Ng3 Qb8 17. b4 Qa8 18. a3 Qb8 19. Kh1 Ba8 20. f4 Qb7 21. Qd3 Qb8 22. Bf3 Bb7 23. Nf1 Qa8 24. Ng3 Qb8 25. Nf1 Be7 26. Qe2 Nf8 27. f5 exf5 28. exf5 Re8 29. Ne3 N8d7 30. Ncd5 Nxd5 31. Bxd5 Bf6 32. Bxf6 Nxf6 33. Qf3 Nxd5 34. Nxd5 Re5 35. f6 Bxd5 36. cxd5 g6 37. Qf4 Rxc1 38. Rxc1 Qe8 39. h3 g5 40. Qf2 h6 41. Qxb6 Re1+ 42. Rxe1 Qxe1+ 43. Qg1 Qc3 44. Qd1 Qxf6 45. Qd3 Qa1+ 46. Kh2 Qe5+ 47. Kg1 h5 48. Qb3 Qd4+ 49. Kf1 Kg7 50. a4 Kf6 51. b5 axb5 52. axb5 Qf4+ 53. Ke2 Qe4+ 54. Kf2 Qd4+ 55. Kf1 Qb6 56. Qc3+ Kf5 57. Qc4 Ke5 58. Ke2 Qc5 59. Qxc5 dxc5 60. b6 Kd6 61. g4 h4 62. Kd3 Kd7 63. Kc4 Kd6 64. Kb5 Kd7 65. Kxc5 f5 66. d6 1-0

[Event "VIII Iberoamericano Mexico 2022"]
[Site "Mexico City"]
[Date "2022.02.17"]
[Round "6.23"]
[White "Guevara Sanchez, Erick Marvin"]
[Black "Gemy, Jose Daniel"]
[Result "0-1"]
[ECO "C50"]
[WhiteElo "2145"]
[BlackElo "2381"]
[Annotator "NA"]
[PlyCount "62"]
[EventDate "2022.02.12"]
[EventType "swiss"]
[EventCountry "MEX"]
[SourceTitle "playchess.com"]
[Source "ChessBase"]
[SourceQuality "1"]
[TimeControl "5400+30"]

1. e4 e5 2. Nf3 Nc6 3. Bc4 Bc5 4. O-O Nf6 5. d4 Bxd4 6. Nxd4 Nxd4 7. Bg5 Qe7 8. Kh1 h6 9. Bxf6 Qxf6 10. f4 O-O 11. c3 Ne6 12. f5 Ng5 13. Nd2 b5 14. Bxb5 Rb8 15. Bd3 Rxb2 16. Nc4 Rb8 17. Ne3 Bb7 18. Qg4 d5 19. exd5 e4 20. Bc4 Qxc3 21. f6 Qxe3 22. h4 Bc8 23. Qh5 Nh7 24. fxg7 Kxg7 25. d6 f5 26. Qd1 Nf6 27. dxc7 Rb4 28. Rc1 Qg3 29. Qd8 Rxc4 30. Rxc4 Ng4 31. Qd4+ Rf6 0-1

[Event "VIII Iberoamericano Mexico 2022"]
[Site "Mexico City"]
[Date "2022.02.17"]
[Round "6.24"]
[White "Lopez Gonzalez, Abel Fabian"]
[Black "Martinez Morales, Geovanni"]
[Result "1-0"]
[ECO "D36"]
[WhiteElo "2379"]
[BlackElo "2098"]
[Annotator "NA"]
[PlyCount "73"]
[EventDate "2022.02.12"]
[EventType "swiss"]
[EventCountry "MEX"]
[SourceTitle "playchess.com"]
[Source "ChessBase"]
[SourceQuality "1"]
[TimeControl "5400+30"]

1. d4 e6 2. c4 d5 3. Nc3 Nf6 4. cxd5 exd5 5. Bg5 Be7 6. e3 h6 7. Bh4 O-O 8. Bd3 c6 9. Qc2 Nh5 10. Bxe7 Qxe7 11. Nge2 Nd7 12. g4 Nhf6 13. Ng3 Nb6 14. O-O-O Bxg4 15. Rdg1 Be6 16. Rg2 Kh8 17. Rhg1 c5 18. dxc5 Qxc5 19. Nge2 Rg8 20. Nd4 Rac8 21. Kb1 Nc4 22. Nce2 Qb6 23. Bxc4 Rxc4 24. Qd3 Qa6 25. Nf4 Bd7 26. b3 Rcc8 27. Qd2 Ne4 28. Qb2 Nf6 29. Ka1 Qa5 30. Nde2 Bf5 31. Rxg7 Rxg7 32. Qxf6 Rcg8 33. Nh5 Qa6 34. Qd4 f6 35. Nxg7 Rxg7 36. Rxg7 Kxg7 37. Ng3 1-0

[Event "VIII Iberoamericano Mexico 2022"]
[Site "Mexico City"]
[Date "2022.02.17"]
[Round "6.25"]
[White "Vega Garcia, Jorge Arturo"]
[Black "Santos, Jose Guilherme B Lim"]
[Result "0-1"]
[ECO "D58"]
[WhiteElo "2121"]
[BlackElo "2363"]
[Annotator "NA"]
[PlyCount "88"]
[EventDate "2022.02.12"]
[EventType "swiss"]
[EventCountry "MEX"]
[SourceTitle "playchess.com"]
[Source "ChessBase"]
[SourceQuality "1"]
[TimeControl "5400+30"]

1. d4 Nf6 2. Nf3 e6 3. Bg5 d5 4. e3 h6 5. Bh4 Be7 6. c4 O-O 7. Nc3 b6 8. Rc1 Bb7 9. Bxf6 Bxf6 10. cxd5 exd5 11. Bd3 c6 12. O-O Re8 13. b4 Qd6 14. Qb3 Be7 15. Rb1 Nd7 16. Rfc1 Bf6 17. Na4 g6 18. Nc5 Bc8 19. Na6 Re6 20. Rc2 Be7 21. Rbc1 Bxa6 22. Bxa6 c5 23. b5 c4 24. Qc3 Qc7 25. Nd2 Nf6 26. Re1 Bd6 27. h3 Qe7 28. Rb1 Re8 29. a4 g5 30. Ra2 g4 31. hxg4 Nxg4 32. Nf1 Qh4 33. g3 Qe7 34. Qc2 Rf6 35. Qd1 h5 36. a5 Rg6 37. axb6 axb6 38. Qf3 Rg5 39. Qh1 Nf6 40. Qh3 h4 41. Bc8 hxg3 42. f4 Rh5 43. Qxg3+ Kh7 44. Ra8 Qe4 0-1